 Dungeon Crawl Stone Soup version 0.27-a0-765-ge4d627daa3 (webtiles) character file.

Game seed: 5917467629144436782

170 sleeves the Slasher (level 5, 0/31 HPs)
             Began as a Deep Elf Fighter on Mar 25, 2021.
             Slain by Sigmund
             ... wielding a +4 vorpal scythe
              (1 damage)
             ... on level 3 of the Dungeon.
             The game lasted 00:03:45 (3491 turns).

sleeves the Slasher (Deep Elf Fighter)              Turns: 3491, Time: 00:03:46

Health: 0/31       AC:  8    Str: 14    XL:     5   Next: 25%
Magic:  7/7        EV:  9    Int: 19    God:
Gold:   82         SH:  0    Dex: 14    Spells: 4/4 levels left

rFire    + . .     SeeInvis .   a - +1 long sword
rCold    . . .     Faith    .   (no shield)
rNeg     . . .     Spirit   .   b - +0 scale mail
rPois    .         Reflect  .   g - +1 helmet
rElec    .         Harm     .   (no cloak)
rCorr    .         Rampage  .   (no gloves)
Will     .....                  (no boots)
Stlth    ..........             (no amulet)
HPRegen  0.10/turn              f - +6 ring of intelligence
MPRegen  0.10/turn              o - ring of protection from fire

@: confused
A: no striking features
a: no special abilities


You were on level 3 of the Dungeon.
You visited 1 branch of the dungeon, and saw 3 of its levels.

You collected 82 gold pieces.

Inventory:

Hand Weapons
 a - a +1 long sword (weapon)
Armour
 b - a +0 scale mail (worn)
 c - a +0 kite shield
 g - a +1 helmet (worn)
   (You found it on level 1 of the Dungeon)
Jewellery
 f - a +6 ring of intelligence (right hand)
   (You took it off a hobgoblin on level 1 of the Dungeon)
 o - a ring of protection from fire (left hand)
   (You found it on level 3 of the Dungeon)
Scrolls
 i - a scroll of teleportation {unknown}
 j - 2 scrolls of identify {unknown}
 k - a scroll of vulnerability {unknown}
 l - a scroll of fog {unknown}
 m - a scroll of immolation {unknown}
 n - a scroll of summoning {unknown}
Potions
 d - a potion of might
 e - 2 potions of mutation {unknown}
 h - a potion of brilliance {unknown}


   Skills:
 - Level 2.4 Fighting
 + Level 5.0 Long Blades
 - Level 2.4 Armour
 - Level 2.4 Shields


You had 4 spell levels left.
You didn't know any spells.
Your spell library was empty.

Dungeon Overview and Level Annotations

Branches:
Dungeon (3/15)

Altars:
Uskayaw

Annotations:
D:3 Grinder, Sigmund


Message History

A hobgoblin comes into view.
The goblin hits you but does no damage.
The hobgoblin shouts!
You hit the goblin.
You kill the goblin!
The endoplasm jiggles.
You hit the endoplasm.
The endoplasm is heavily wounded.
The endoplasm closely misses you.
You riposte.
You barely miss the endoplasm.
The endoplasm is heavily wounded.
You hit the endoplasm but do no damage.
The endoplasm is heavily wounded.
The endoplasm hits you but does no damage.
You hit the endoplasm but do no damage.
The endoplasm is heavily wounded.
The endoplasm freezes you.
You are frozen.
You hit the endoplasm but do no damage.
The endoplasm is heavily wounded.
The endoplasm freezes you.
You are frozen.
The endoplasm hits you but does no damage.
You hit the endoplasm.
You kill the endoplasm!
The ball python bites you but does no damage.
The ball python grabs you. The ball python constricts you.
You hit the ball python.
The ball python is heavily wounded.
The ball python bites you but does no damage.
The ball python constricts you. The ball python barely misses you.
You riposte.
You closely miss the ball python.
The ball python is heavily wounded.
The ball python constricts you.
You barely miss the ball python.
The ball python is heavily wounded.
The ball python bites you but does no damage.
The ball python constricts you.
You closely miss the ball python.
The ball python is heavily wounded.
The ball python bites you. The ball python constricts you.
The ball python bites you but does no damage.
The ball python constricts you.
You barely miss the ball python.
The ball python is heavily wounded.
The ball python bites you. The ball python constricts you.
Your scale mail prevents you from hitting the ball python.
The ball python is heavily wounded.
The ball python bites you but does no damage.
The ball python constricts you.
The ball python bites you but does no damage.
The ball python constricts you.
You are too injured to fight recklessly!
You are too injured to fight recklessly!
You are too injured to fight recklessly!
You are too injured to fight recklessly!
You are too injured to fight recklessly!
You are too injured to fight recklessly!
You are too injured to fight recklessly!
You are too injured to fight recklessly!
You are too injured to fight recklessly!
You are too injured to fight recklessly!
You are too injured to fight recklessly!
You are too injured to fight recklessly!
You are too injured to fight recklessly!
You are too injured to fight recklessly!
You are too injured to fight recklessly!
You are too injured to fight recklessly!
You barely miss the ball python.
The ball python is heavily wounded.
The ball python bites you but does no damage.
The ball python constricts you.
You hit the ball python.
You kill the ball python!
You hit the hobgoblin.
The hobgoblin is almost dead.
The hobgoblin closely misses you.
You riposte.
You closely miss the hobgoblin.
The hobgoblin is almost dead.
You closely miss the hobgoblin.
The hobgoblin is almost dead.
The hobgoblin barely misses you.
You hit the hobgoblin.
You kill the hobgoblin!
f - a +6 ring of intelligence
Found a bubbling orange potion.
g - a +1 helmet You feel clever.
f - a +6 ring of intelligence (right hand)
You start putting on your armour.
You continue putting on your +1 helmet. x4
You finish putting on your +1 helmet.
Things that are here:
a +0 dagger; a goblin corpse
h - a bubbling orange potion You now have 28 gold pieces (gained 9).
You open the door.
There is an open door here.
There is an open door here.
You open the door.
A bat, a giant cockroach and 2 goblins come into view.
The goblin shouts! x2
The giant cockroach moves out of view.
The bat moves out of view.
There are monsters nearby!
The bat hits you.
A dart slug comes into view.
The goblin hits you but does no damage.
There is an open door here.
You completely miss the bat. The bat hits you but does no damage.
The goblin hits you but does no damage. The bat closely misses you.
The bat barely misses you. The bat barely misses you.
The bat hits you but does no damage. The bat hits you.
The bat hits you but does no damage.
You closely miss the bat. The bat barely misses you.
You closely miss the bat. The bat hits you but does no damage.
The bat hits you.
You barely miss the bat. The bat hits you but does no damage.
The bat barely misses you.
You riposte.
You hit the bat but do no damage. You barely miss the bat.
The bat hits you but does no damage. x2
You barely miss the bat. The bat hits you but does no damage. The bat hits you.
You slash the bat!
You kill the bat!
You slash the goblin!
You kill the goblin!
The goblin hits you with a +0 club.
Things that are here:
a +0 dagger; a bat corpse You are too injured to fight recklessly!
You are too injured to fight recklessly!
You are too injured to fight recklessly!
You are too injured to fight recklessly!
You are too injured to fight recklessly!
You are too injured to fight recklessly!
You are too injured to fight recklessly!
You are too injured to fight recklessly!
You are too injured to fight recklessly!
You are too injured to fight recklessly!
You are too injured to fight recklessly!
You are too injured to fight recklessly!
You are too injured to fight recklessly!
You are too injured to fight recklessly!
You are too injured to fight recklessly!
You are too injured to fight recklessly!
You are too injured to fight recklessly!
You are too injured to fight recklessly!
You are too injured to fight recklessly!
You are too injured to fight recklessly!
You are too injured to fight recklessly!
You hit the goblin.
The goblin is heavily wounded.
The goblin hits you but does no damage. x2
You barely miss the goblin.
The goblin is moderately wounded.
The goblin hits you with a +0 club.
* * * LOW HITPOINT WARNING * * *
You hit the goblin.
You kill the goblin!
You hit the giant cockroach but do no damage.
The giant cockroach completely misses you.
The giant cockroach bites you but does no damage.
You barely miss the giant cockroach. The giant cockroach barely misses you.
You riposte.
You hit the giant cockroach.
The giant cockroach is almost dead.
You hit the giant cockroach.
You kill the giant cockroach!
Your Long Blades skill increases to level 3!
You hit the dart slug.
The dart slug is heavily wounded.
The dart slug bites you but does no damage.
You hit the dart slug.
The dart slug is severely wounded.
The dart slug barely misses you.
You riposte.
You slash the dart slug!
You kill the dart slug!
Items here: ) †††.
There is an open door here.
A goblin comes into view. It is wielding a +0 club.
The goblin shouts!
A goblin is nearby!
A goblin is nearby!
A goblin is nearby!
The goblin hits you with a +0 club.
You closely miss the goblin. The goblin hits you but does no damage.
The goblin barely misses you.
You hit the goblin.
The goblin is severely wounded.
The goblin hits you but does no damage.
You slash the goblin!
You kill the goblin!
No target in view!
No target in view!
No target in view!
No target in view!
Things that are here:
a +0 club; a goblin corpse
Things that are here:
a +0 club; a goblin corpse
Things that are here:
a +0 club; a goblin corpse You open the door.
There is an open door here.
You open the door.
There is an open door here.
A goblin comes into view. It is wielding a +0 dagger.
The goblin shouts!
A goblin is nearby!
A goblin is nearby!
A ball python comes into view.
The ball python hisses angrily.
You barely miss the goblin. The goblin closely misses you.
You riposte.
Your scale mail prevents you from hitting the goblin.
You closely miss the goblin. The goblin barely misses you.
You riposte.
You closely miss the goblin. The goblin hits you with a +0 dagger.
You slash the goblin!
You kill the goblin!
You barely miss the ball python. The ball python barely misses you.
The ball python grabs you. The ball python constricts you.
You hit the ball python.
The ball python is moderately wounded.
The ball python bites you. The ball python constricts you.
The ball python bites you. The ball python constricts you.
You closely miss the ball python.
The ball python is moderately wounded.
The ball python bites you but does no damage.
The ball python constricts you.
You barely miss the ball python.
The ball python is moderately wounded.
The ball python bites you. The ball python constricts you.
The ball python bites you but does no damage.
The ball python constricts you.
You hit the ball python.
You kill the ball python!
No target in view!
No target in view!
Things that are here:
a +0 dagger; a ball python corpse A goblin comes into view.
It is wielding a +0 dagger.
The goblin shouts!
A goblin is nearby!
An endoplasm comes into view.
Found 5 gold pieces.
A goblin comes into view. It is wielding a +0 dagger.
The endoplasm quivers.
The goblin shouts!
The goblin hits you but does no damage.
You barely miss the goblin. The goblin hits you with a +0 dagger.
A hobgoblin comes into view.
The hobgoblin shouts!
You hit the goblin but do no damage. The goblin hits you with a +0 dagger.
You miss the goblin. The goblin barely misses you.
You riposte.
You closely miss the goblin. You closely miss the goblin.
The goblin barely misses you.
You hit the goblin.
The goblin is heavily wounded.
The goblin hits you but does no damage. The goblin barely misses you.
You closely miss the goblin.
The goblin is heavily wounded.
The goblin hits you but does no damage. The goblin barely misses you.
You riposte.
You hit the goblin.
You kill the goblin!
You have reached level 3!
Your experience leads to an increase in your attributes!
Your base attributes are Str 13, Int 12, Dex 14.
Increase (S)trength, (I)ntelligence, or (D)exterity?
You feel stronger.
You barely miss the goblin.
The goblin is heavily wounded.
You hit the goblin.
The goblin is almost dead.
The goblin closely misses you.
You riposte.
You hit the goblin.
You kill the goblin!
The endoplasm closely misses you.
You slash the endoplasm!
You kill the endoplasm!
You hit the hobgoblin.
The hobgoblin is moderately wounded.
The hobgoblin hits you but does no damage.
You hit the hobgoblin.
The hobgoblin is severely wounded.
The hobgoblin hits you.
You are too injured to fight recklessly!
You are too injured to fight recklessly!
You are too injured to fight recklessly!
You barely miss the hobgoblin.
The hobgoblin is severely wounded.
The hobgoblin barely misses you. x2
You hit the hobgoblin but do no damage.
The hobgoblin is severely wounded.
The hobgoblin hits you but does no damage.
You hit the hobgoblin.
You kill the hobgoblin!
A dart slug comes into view.
A dart slug is nearby!
A dart slug is nearby!
You are too injured to fight recklessly!
You start resting.
HP restored.
A rat comes into view.
Things that are here:
a +0 dagger; a +0 dagger; a goblin corpse A rat is nearby!
A rat is nearby!
A rat is nearby!
You see here a hobgoblin corpse.
Found a stone staircase leading down.
You barely miss the rat. The rat misses you.
You slash the rat!
You kill the rat!
The dart slug launches a dart at you. The slug dart hits you.
You see here a rat corpse.
You hit the dart slug.
The dart slug is moderately wounded.
The dart slug bites you.
You hit the dart slug.
The dart slug is almost dead.
The dart slug bites you but does no damage.
You hit the dart slug but do no damage.
The dart slug is almost dead.
The dart slug launches a dart at you. The slug dart misses you.
You hit the dart slug.
You kill the dart slug!
No target in view!
No target in view!
You now have 33 gold pieces (gained 5).
You now have 43 gold pieces (gained 10).
As you open the door, it creaks loudly!
There is an open door here.
You open the door.
A ball python comes into view.
The ball python hisses angrily.
A ball python is nearby!
The ball python bites you but does no damage.
The ball python barely misses you. x3
There is an open door here.
A ball python is nearby!
A ball python is nearby!
You slash the ball python!
You kill the ball python!
No target in view!
No target in view!
No target in view!
No target in view!
No target in view!
You open the door.
There is an open door here.
You now have 52 gold pieces (gained 9).
As you open the door, it creaks loudly!
Found a stone staircase leading down.
There is an open door here.
There is a stone staircase leading down here.
A kobold comes into view. It is wielding a +0 dagger.
The kobold shouts!
A kobold is nearby!
The kobold throws a stone.
The stone barely misses you.
You barely miss the kobold.
The kobold hits you but does no damage. x2
You closely miss the kobold. The kobold hits you but does no damage.
You slash the kobold!
You kill the kobold!
No target in view!
No target in view!
No target in view!
Things that are here:
a +0 dagger; 2 stones; a kobold corpse
There is an open door here.
Done exploring.
Done exploring.
No target in view!
No target in view!
No target in view!
No target in view!
No target in view!
No target in view!
No target in view!
No target in view!
No target in view!
Done exploring.
Done exploring.
(D) Dungeon
Where to? (? - help)
There is a stone staircase leading down here.
You climb downwards.
Found a dagger.
Found an escape hatch in the ceiling.
There is a stone staircase leading up here.
A giant cockroach comes into view.
A giant cockroach is nearby!
The giant cockroach barely misses you.
Your scale mail prevents you from hitting the giant cockroach.
The giant cockroach closely misses you.
You riposte.
You hit the giant cockroach.
The giant cockroach is heavily wounded.
The giant cockroach bites you but does no damage.
You hit the giant cockroach.
The giant cockroach is severely wounded.
The giant cockroach barely misses you.
You hit the giant cockroach.
You kill the giant cockroach!
No target in view!
No target in view!
No target in view!
No target in view!
No target in view!
A hobgoblin and Jessica come into view.
The hobgoblin shouts!
Found a scroll labelled NOLI XIMOXU.
There are monsters nearby!
There are monsters nearby!
You hit Jessica.
Jessica is lightly wounded.
Jessica points at you and mumbles some strange words.
Pain shoots through your body!
Jessica casts a spell.
Jessica blinks!
You are too injured to fight recklessly!
Unknown command.
Jessica mumbles some strange words.
Jessica seems to speed up.
Jessica gestures wildly.
Jessica casts a spell.
Jessica blinks!
There is a stone staircase leading up here.
The hobgoblin hits you but does no damage.
You climb upwards.
There is a stone staircase leading down here.
You hit the hobgoblin.
The hobgoblin is lightly wounded.
The hobgoblin hits you but does no damage.
You closely miss the hobgoblin.
The hobgoblin is lightly wounded.
The hobgoblin hits you but does no damage.
The hobgoblin closely misses you.
You hit the hobgoblin but do no damage.
The hobgoblin is lightly wounded.
The hobgoblin barely misses you.
You slash the hobgoblin!
You kill the hobgoblin!
No target in view!
No target in view!
No target in view!
No target in view!
No target in view!
You start resting.
HP restored.
You climb downwards.
Level annotation: Jessica Jessica casts a spell.
Jessica seems to speed up.
There is a stone staircase leading up here.
You climb upwards.
There is a stone staircase leading down here.
You start waiting.
Done waiting.
You climb downwards.
Level annotation: Jessica Jessica hits you with a +0 dagger.
There is a stone staircase leading up here.
You hit Jessica but do no damage.
Jessica gestures wildly while chanting.
Jessica blinks!
You aren't carrying any items that you can evoke.
You barely miss Jessica. Jessica hits you with a +0 dagger.
You hit Jessica.
Jessica is severely wounded.
Jessica hits you with a +0 dagger. x2
You are too injured to fight recklessly!
You barely miss Jessica.
Jessica is severely wounded.
Jessica closely misses you.
You hit Jessica.
You kill Jessica!
You have reached level 4!
You feel clever.
Things that are here:
a +0 dagger; a +0 robe; the human corpse of Jessica HP restored.
There is a stone staircase leading up here.
There is an escape hatch in the ceiling here.
You see here a +0 dagger.
Found a mace.
A giant cockroach comes into view.
A giant cockroach is nearby!
A giant cockroach is nearby!
You hit the giant cockroach.
The giant cockroach is heavily wounded.
The giant cockroach closely misses you. The giant cockroach barely misses you.
You riposte.
You hit the giant cockroach.
You kill the giant cockroach!
Your Long Blades skill increases to level 4!
No target in view!
No target in view!
No target in view!
You see here a giant cockroach corpse.
i - a scroll labelled LESYUVV QUTSOI
Found a dagger.
Found a stone staircase leading down.
No target in view!
No target in view!
j - a scroll labelled VITWOUPPAO
Found a stone staircase leading up.
There is a stone staircase leading up here.
A quokka comes into view.
You see here a scroll labelled MON LANTUI.
The quokka bites you.
You miss the quokka. The quokka barely misses you.
You riposte.
You hit the quokka but do no damage.
The quokka bites you but does no damage.
You hit the quokka but do no damage.
The quokka bites you but does no damage.
You closely miss the quokka.
The quokka bites you but does no damage.
The quokka bites you.
You hit the quokka but do no damage.
The quokka bites you but does no damage.
You slash the quokka!
You kill the quokka!
No target in view!
No target in view!
k - a scroll labelled MON LANTUI
Found a stone staircase leading down.
l - a scroll labelled REDA ESSUK No target in view!
No target in view!
No target in view!
No target in view!
No target in view!
No target in view!
There is a stone staircase leading down here.
m - a scroll labelled SUOSCHI EGRUOH
Found a hide-covered altar of Uskayaw.
j - 2 scrolls labelled VITWOUPPAO (gained 1)
Found a spear.
There is a hide-covered altar of Uskayaw here.
You see here a +0 spear.
You now have 68 gold pieces (gained 16).
You now have 72 gold pieces (gained 4).
A bat comes into view.
You see here a scroll labelled NOLI XIMOXU.
A bat is nearby!
A bat is nearby!
A bat is nearby!
A hobgoblin comes into view.
The bat barely misses you. The bat hits you but does no damage.
You completely miss the bat. The bat barely misses you.
The bat hits you but does no damage.
You slash the bat!
You kill the bat!
No target in view!
No target in view!
No target in view!
No target in view!
No target in view!
No target in view!
No target in view!
No target in view!
No target in view!
No target in view!
No target in view!
No target in view!
No target in view!
No target in view!
You see here a scroll labelled NOLI XIMOXU.
A hobgoblin is nearby!
A hobgoblin is nearby!
You hit the hobgoblin.
You kill the hobgoblin!
No target in view!
No target in view!
No target in view!
No target in view!
No target in view!
No target in view!
No target in view!
No target in view!
n - a scroll labelled NOLI XIMOXU
Found a robe.
e - 2 bubbling sapphire potions (gained 1) Natasha, Servant of Life and Death comes into view.
She is carrying a wand of random effects (19).
Natasha hisses angrily.
Natasha is nearby!
Natasha mumbles some strange words.
You hit the crimson imp but do no damage.
The crimson imp blinks!
Natasha claws you but does no damage.
You hit Natasha but do no damage.
Natasha mumbles some strange words.
Natasha casts a spell.
The crimson imp hits you but does no damage.
The crimson imp blinks!
The crimson imp hits you but does no damage.
Unknown command.
As you read the scroll labelled LESYUVV QUTSOI, it crumbles to dust.
It is a scroll of enchant weapon.
Your +0 long sword glows red for a moment.
Natasha casts a spell at you. The magic dart hits you.
The crimson imp hits you but does no damage.
The crimson imp barely misses you.
You barely miss Natasha. Natasha claws you! The crimson imp closely misses you.
The crimson imp hits you but does no damage.
The crimson imp blinks!
Found a stone staircase leading up.
The crimson imp blinks!
Natasha mumbles some strange words.
Natasha shimmers violently.
Natasha mumbles some strange words.
Natasha's front paws start to glow.
The crimson imp sputters.
The crimson imp blinks!
The crimson imp blinks!
The crimson imp disappears in a puff of smoke!
There is a stone staircase leading up here.
The crimson imp blinks!
Natasha stares at you and mumbles some strange words.
The magic dart hits you but does no damage.
You climb upwards.
There is a stone staircase leading down here.
You start resting.
HP restored.
There is an open door here.
Things that are here:
a +0 dagger; a +0 dagger
There is a stone staircase leading down here.
You climb downwards.
Level annotation: Natasha
There is a stone staircase leading up here.
Things that are here:
a +0 robe; a +0 dagger Natasha is nearby!
Natasha is nearby!
You aren't carrying any items that you can evoke.
Unknown command.
Natasha hisses angrily.
Natasha casts a spell.
Natasha casts a spell at you. You resist with some effort.
Natasha stares at you and mumbles some strange words.
The magic dart hits you.
Natasha stares at you and mumbles some strange words.
The magic dart hits you.
Natasha stares at you and mumbles some strange words.
The magic dart hits you.
The crimson imp disappears in a puff of smoke!
Natasha casts a spell at you.
You feel yourself slow down.
Things that are here:
a +0 robe; a +0 dagger
There is a stone staircase leading up here.
You climb upwards.
There is a stone staircase leading down here.
You start resting.
You feel yourself speed up.
Things that are here:
a +0 dagger; a +0 dagger HP restored.
There is an open door here.
There is a stone staircase leading down here.
You climb downwards.
Level annotation: Natasha
There is a stone staircase leading up here.
You swing at nothing.
Unknown command.
Found a club.
You see here a +0 club.
You now have 82 gold pieces (gained 10).
Found a stone staircase leading down.
Natasha hisses angrily.
Natasha is nearby!
There is a stone staircase leading down here.
You hit Natasha.
Natasha is moderately wounded.
Natasha claws you but does no damage.
You hit Natasha.
Natasha is severely wounded.
Natasha closely misses you.
You riposte.
You hit Natasha.
Natasha is almost dead.
You hit Natasha but do no damage.
Natasha is almost dead.
Natasha claws you.
Natasha stares at you and mumbles some strange words.
The magic dart hits you!
You are too injured to fight recklessly!
You hit Natasha.
Natasha is almost dead.
Natasha casts a spell at you. The magic dart hits you.
You hit Natasha.
You kill Natasha!
Natasha yowls pathetically as she dies!
Natasha, Servant of Life and Death comes into view.
She is carrying a wand of random effects (19).
Natasha is nearby!
Natasha is nearby!
Natasha wildly gestures.
Natasha's front paws start to glow.
Natasha stares at you and mumbles some strange words.
You feel yourself slow down. Natasha casts a spell at you.
The magic dart hits you.
Natasha howls an incantation.
Natasha glows brightly for a moment.
Natasha mumbles some strange words.
Natasha casts a spell at you.
You feel as though you will be slow longer.
There is a stone staircase leading down here.
Natasha howls an incantation.
Natasha glows brightly for a moment.
Natasha howls an incantation.
You feel troubled.
You climb downwards.
There is a stone staircase leading up here.
You start resting.
You feel yourself speed up.
You start resting.
HP restored.
You climb upwards.
Level annotation: Natasha
There is a stone staircase leading down here.
Natasha claws you.
You miss Natasha. Natasha claws you but does no damage.
You hit Natasha.
Natasha is moderately wounded.
Natasha claws you!
You hit Natasha.
Natasha is severely wounded.
Natasha claws you. Natasha claws you but does no damage.
You hit Natasha.
Natasha is severely wounded.
Natasha claws you but does no damage.
You hit Natasha.
You kill Natasha!
You hear a faint echoing roar filled with hate and sorrow!
There is a stone staircase leading down here.
You start resting.
HP restored.
You climb downwards.
There is a stone staircase leading up here. 2 bats and a vampire bat come into view.
The bat moves out of view.
There are monsters nearby!
There are monsters nearby!
You hit the vampire bat.
The vampire bat is lightly damaged.
The vampire bat bites you but does no damage.
The bat hits you but does no damage.
The vampire bat bites you but does no damage.
You hit the vampire bat.
The vampire bat is severely damaged.
The vampire bat misses you. The bat barely misses you.
You riposte.
You hit the bat.
You kill the bat!
The vampire bat closely misses you. The vampire bat barely misses you.
The bat closely misses you.
You barely miss the vampire bat.
The vampire bat is severely damaged.
The vampire bat barely misses you. The bat hits you but does no damage.
The vampire bat bites you but does no damage.
The bat hits you.
The vampire bat bites you but does no damage.
The bat hits you but does no damage.
You closely miss the vampire bat.
The vampire bat is severely damaged.
The vampire bat bites you.
The vampire bat draws strength from your injuries!
The bat misses you. The vampire bat bites you.
The vampire bat draws strength from your injuries!
The bat barely misses you. The vampire bat bites you.
The vampire bat draws strength from your injuries!
You closely miss the vampire bat.
The vampire bat is moderately damaged.
The bat hits you but does no damage. The vampire bat barely misses you.
You riposte.
You closely miss the vampire bat.
The vampire bat is moderately damaged.
You closely miss the vampire bat.
The vampire bat is moderately damaged.
The vampire bat barely misses you.
You riposte.
You barely miss the vampire bat.
The vampire bat is moderately damaged.
The vampire bat closely misses you.
You riposte.
You hit the vampire bat.
The vampire bat is heavily damaged.
The bat hits you but does no damage.
You slash the vampire bat!
You destroy the vampire bat!
The bat hits you but does no damage.
Your Long Blades skill increases to level 5!
You have reached level 5!
A bat comes into view.
The bat hits you but does no damage. x2
Found a scroll labelled GYIHOCVADIE.
You completely miss the bat. The bat hits you but does no damage. x2
You slash the bat!
You kill the bat!
The bat hits you but does no damage. 3 bats come into view.
The bat barely misses you. The bat hits you but does no damage.
The bat completely misses you.
You hit the bat.
The bat is severely wounded.
The bat barely misses you. The bat hits you but does no damage.
Your scale mail prevents you from hitting the bat.
The bat barely misses you. The bat closely misses you.
You riposte.
You hit the bat.
The bat is severely wounded.
The bat hits you but does no damage. x2; The bat barely misses you.
The bat closely misses you.
You hit the bat.
You kill the bat!
The bat hits you but does no damage. x2; The bat closely misses you.
You slash the bat!
You kill the bat!
The bat hits you but does no damage. x3
You barely miss the bat. The bat hits you but does no damage.
The bat closely misses you. The bat barely misses you.
You riposte.
You closely miss the bat. You hit the bat.
You kill the bat!
The bat hits you but does no damage. The bat barely misses you.
You miss the bat. The bat barely misses you. The bat barely misses you.
You see here a scroll labelled GYIHOCVADIE.
You hit the bat.
You kill the bat!
No target in view!
No target in view!
No target in view!
No target in view!
No target in view!
No target in view!
No target in view!
No target in view!
No target in view!
HP restored.
i - a scroll labelled GYIHOCVADIE
Things that are here:
a bat corpse; a bat corpse; a bat corpse
o - a ring of protection from fire
Found 24 stones.
You swing at nothing.
You swing at nothing.
You swing at nothing.
You swing at nothing.
Sigmund the Dreaded comes into view.
He is wielding a +4 vorpal scythe.
Sigmund shouts!
Found a stone staircase leading up.
Sigmund is nearby!
Sigmund is nearby!
Sigmund barely misses you.
You aren't carrying any items that you can evoke.
Sigmund points at himself and mumbles some strange words.
Sigmund flickers and vanishes!
Deactivating autopickup; reactivate with Ctrl-A.
You are confused.
A puff of flame appears from out of thin air!
The puff of flame misses you.
Something tries to affect you, but you resist.
You bump into the rock wall.
A puff of flame appears from out of thin air!
The puff of flame hits you.
You bump into the rock wall.
You feel less confused.
Things that are here:
a bat corpse; a bat corpse; a bat corpse A puff of flame appears from out of thin air!
The puff of flame hits you.
A puff of flame appears from out of thin air!
The puff of flame hits you.
A magic dart appears from out of thin air!
The magic dart hits you.
* * * LOW HITPOINT WARNING * * *
There is a stone staircase leading up here.
You climb upwards.
Reactivating autopickup.
There is a stone staircase leading down here.
HP restored.
There is a stone staircase leading down here.
Key pressed, stopping explore.
Found an escape hatch in the floor.
There is a stone staircase leading up here.
Done exploring.
Done exploring.
Done exploring.
Done exploring.
There is a stone staircase leading down here.
You climb downwards.
Level annotation: Sigmund
There is a stone staircase leading up here.
An endoplasm comes into view.
The endoplasm quivers.
An endoplasm is nearby!
An endoplasm is nearby!
The endoplasm freezes you.
You are frozen.
You slash the endoplasm!
You kill the endoplasm!
No target in view!
No target in view!
No target in view!
No target in view!
HP restored.
Grinder comes into view.
Grinder shouts!
Grinder is nearby!
Grinder is nearby!
Grinder blinks!
There is a stone staircase leading up here.
There is a stone staircase leading up here.
You climb upwards.
There is a stone staircase leading down here.
There is a stone staircase leading down here.
You climb downwards.
Level annotation: Grinder, Sigmund Sigmund shouts!
Sigmund says, "You will soon forget everything."
There is a stone staircase leading up here.
You aren't carrying any items that you can evoke.
Unknown command.
o - a ring of protection from fire (left hand) Sigmund laughs darkly.
Sigmund casts a spell at you. The magic dart hits you.
Sigmund hits you from afar with a +4 vorpal scythe.
Sigmund casts a spell at you.
You are confused.
You bump into the rock wall.
Sigmund barely misses you.
Unknown command.
Sigmund breathes a few words.
Sigmund's hands start flickering wildly.
There is a stone staircase leading up here.
In your confused state, you trip and fall back down the stairs.
Sigmund closely misses you.
You feel less confused. Sigmund gestures at you while chanting.
The puff of flame hits you. You resist.
You climb upwards.
There is a stone staircase leading down here.
You start resting.
HP restored.
You climb downwards.
Level annotation: Grinder, Sigmund Sigmund points at you and mumbles some strange words.
You resist with some effort.
There is a stone staircase leading up here.
Sigmund hits you from afar with a +4 vorpal scythe!
Sigmund gestures at you while chanting. The puff of flame hits you. You resist.
There is a stone staircase leading up here.
You climb upwards.
There is a stone staircase leading down here.
You start resting.
HP restored.
You climb downwards.
Level annotation: Grinder, Sigmund
There is a stone staircase leading up here.
Sigmund hits you but does no damage.
You closely miss Sigmund.
Sigmund hits you with a +4 vorpal scythe.
Sigmund gestures at himself while chanting.
Sigmund flickers and vanishes!
Deactivating autopickup; reactivate with Ctrl-A.
Something hits you but does no damage.
You hear some strange, mumbled words.
Something tries to affect you, but you resist.
There is a stone staircase leading up here.
You climb upwards.
Reactivating autopickup.
There is a stone staircase leading down here.
You start resting.
HP restored.
You climb downwards.
Level annotation: Grinder, Sigmund
There is a stone staircase leading up here.
Sigmund points at you and mumbles some strange words.
The puff of flame misses you.
Sigmund points at you and mumbles some strange words.
The puff of flame misses you. Sigmund hits you but does no damage.
Sigmund closely misses you.
You riposte.
You slash Sigmund!
Sigmund is moderately wounded.
Found a fuming emerald potion.
You barely miss Sigmund.
Sigmund is moderately wounded.
Sigmund barely misses you.
You hit Sigmund.
Sigmund is heavily wounded.
Sigmund hits you with a +4 vorpal scythe!
You hit Sigmund.
Sigmund is heavily wounded.
Sigmund hits you with a +4 vorpal scythe!
* * * LOW HITPOINT WARNING * * *
x2 Sigmund gestures at you while chanting.
You are confused.
Sigmund gestures at you while chanting. The puff of flame hits you. You resist.
* * * LOW HITPOINT WARNING * * *
Unknown command.
Sigmund casts a spell at you. You resist with some effort.
You bump into the rock wall.
You bump into the rock wall.
You bump into the rock wall.
Sigmund hits you from afar with a +4 vorpal scythe.
* * * LOW HITPOINT WARNING * * *
You die...

##.....##
#.†.....# ###
##.....## ## ..#
##..†## .! ##.#
###.# #. ..#
#######.#.# .. #.#
#.....{...#
#.##.###.#########
#...@.@.<#
#.....######
#.....# ###.### #.
##


You could see Sigmund.

Vanquished Creatures
  A vampire bat (D:3)
  Jessica (D:2)
  Natasha (twice) (D:2)
  2 dart slugs (D:1)
  4 ball pythons (D:1)
  9 bats
  3 endoplasms
  5 giant cockroaches
  7 goblins (D:1)
  5 hobgoblins
  2 kobolds (D:1)
  3 quokkas
  A rat (D:1)
45 creatures vanquished.

Notes
Turn   | Place    | Note
-------+----------+-------------------------------------------
     0 | D:1      | sleeves the Deep Elf Fighter began the quest for the Orb.
     0 | D:1      | Reached XP level 1. HP: 13/13 MP: 3/3
    38 | D:1      | Reached skill level 2 in Long Blades
   106 | D:1      | Reached XP level 2. HP: 13/18 MP: 4/4
   486 | D:1      | HP: 9/18 [goblin/+0 club (2)]
   491 | D:1      | Reached skill level 3 in Long Blades
   899 | D:1      | Reached XP level 3. HP: 16/22 MP: 5/5
  1291 | D:2      | Noticed Jessica
  1515 | D:2      | Killed Jessica
  1516 | D:2      | Reached XP level 4. HP: 17/27 MP: 6/6
  1647 | D:2      | Reached skill level 4 in Long Blades
  1846 | D:2      | Found a hide-covered altar of Uskayaw.
  1924 | D:2      | Noticed Natasha
  2340 | D:2      | Killed Natasha
  2374 | D:2      | Noticed Natasha
  2495 | D:2      | Killed Natasha
  2623 | D:3      | Reached skill level 5 in Long Blades
  2623 | D:3      | Reached XP level 5. HP: 26/31 MP: 7/7
  2695 | D:3      | Noticed Sigmund
  2726 | D:3      | HP: 13/31 [something/magic dart (6)]
  3106 | D:3      | Noticed Grinder
  3485 | D:3      | HP: 11/31 [Sigmund/+4 vorpal scythe (11)]
  3487 | D:3      | HP: 4/31 [Sigmund/puff of flame (4)]
  3491 | D:3      | HP: 1/31 [Sigmund/+4 vorpal scythe (3)]
  3491 | D:3      | Slain by Sigmund

Illustrated notes

Levels and vault maps discovered:
D:1:      mrwooster_arrival_statue, layout_basic
D:2:      layout_loops_cross, lemuel_crystal_altar, uniq_natasha, uniq_jessica
D:3:      layout_loops_cross, roderic_serpentine_path, hex_tiny,
          roderic_batcave, st_stairs_9, kennysheep_generic_room_4,
          uniq_crazy_yiuf_cottage, uniq_sigmund, uniq_grinder

Skill      XL: |  1  2  3  4 |
---------------+-------------+-----
Long Blades    | 2 3 5 |  5.0
Fighting       | |  2.4
Armour         | |  2.4
Shields        | |  2.4

Action                   |  1- 3 |  4- 6 || total
-------------------------+-------+-------++-------
Melee: Long sword        |   103 |    44 ||   147
  Use: Scroll            |       |     1 ||     1
Armor: Scale mail        |    52 |    45 ||    97
Dodge: Dodged            |    47 |    40 ||    87
       Rpst.: Long sword |    17 |    10 ||    27

Table legend: (Time is in decaauts)
 A = Elapsed time spent in this place.
 B = Non-inter-level travel time spent in this place.
 C = Inter-level travel time spent in this place.
 D = Time resting spent in this place.
 E = Time spent auto-exploring this place.
 F = Levels seen in this place.
 G = Mean time per level.
                   A        B        C        D        E       F      G
               +--------+--------+--------+--------+--------+-----+--------+
         Total |   3555 |   3402 |    153 |    924 |   1943 |   3 | 1185.0 |
       Dungeon |   3555 |   3402 |    153 |    924 |   1943 |   3 | 1185.0 |
               +--------+--------+--------+--------+--------+-----+--------+

Top non-repeatable levels by time:
     D:1: 1667 daAuts
     D:2: 1574 daAuts
     D:3: 313 daAuts
